 Dungeon Crawl Stone Soup version 0.30-a0-1112-gfb780f5df6 (webtiles) character file.

Game seed: 4495348034764501540

2207 jlumianski the Chopper (level 9, -4/102 HPs)
             Began as a Demonspawn Fighter on Apr 19, 2023.
             Was an Initiate of Qazlal.
             Slain by a wyvern (13 damage)
             ... on level 7 of the Dungeon.
             The game lasted 00:27:24 (8010 turns).

jlumianski the Chopper (Demonspawn Fighter)         Turns: 8010, Time: 00:27:25

Health: -4/102     AC: 13    Str: 21    XL:     9   Next: 13%
Magic:  11/11      EV:  7    Int:  9    God:    Qazlal [......]
Gold:   481        SH:  9    Dex: 13    Spells: 8/8 levels left

rFire   . . .      SeeInvis +    a - +0 war axe
rCold   . . .      Faith    .    M - +0 kite shield
rNeg    . . .      Spirit   .    x - +0 chain mail
rPois   .          Reflect  .    (helmet unavailable)
rElec   .          Rampage  .    (no cloak)
rCorr   +                        C - +2 pair of gloves
Will    .....                    (no boots) Stlth
                                 (no amulet)
HPRegen 0.37/turn                L - ring of resist corrosion
MPRegen 0.12/turn                (no ring)

@: berserking, very quick
A: antennae 3, foul stench 1, demonic magic 1
a: Renounce Religion


You were on level 7 of the Dungeon.
You worshipped Qazlal.
Qazlal was noncommittal.
You visited 2 branches of the dungeon, and saw 8 of its levels.

You collected 481 gold pieces.

Inventory:

Hand Weapons
 a - a +0 war axe (weapon)
 u - a +0 heavy mace
 J - a +1 whip of venom
Missiles
 i - 47 stones
 A - 15 poisoned darts (quivered)
 E - 3 boomerangs of dispersal
 H - 4 curare-tipped darts
Armour
 b - a +0 scale mail
 c - a +0 buckler
 j - a +0 helmet
 x - a +0 chain mail (worn)
 C - a +2 pair of gloves (worn)
 I - a +0 cloak
 M - a +0 kite shield (worn)
Magical Staves
 q - a staff of death
Jewellery
 L - a ring of resist corrosion (left hand)
 O - a ring of fire
Wands
 s - a wand of iceblast (12)
 v - a wand of flame (31)
 y - a wand of paralysis (8)
 K - a wand of mindburst (10)
 N - a wand of quicksilver (2)
Scrolls
 e - 3 scrolls of magic mapping
 f - a scroll of torment
 l - 2 scrolls of fog
 n - a scroll of noise
 o - 3 scrolls of fear {unknown}
 D - a scroll of blinking {unknown}
 F - a scroll of summoning {unknown}
 G - a scroll of teleportation {unknown}
 P - a scroll of poison {unknown}
 Q - a scroll of enchant armour {unknown}
 R - a scroll of immolation {unknown}
Potions
 d - a potion of might
 g - 2 potions of cancellation
 h - a potion of ambrosia
 k - 3 potions of flight
 p - 2 potions of brilliance
 r - a potion of lignification
 t - a potion of attraction
 w - a potion of curing
 z - 3 potions of degeneration
 S - a potion of haste {unknown}


   Skills:
 + Level 5.5 Fighting
 + Level 7.4 Axes
 + Level 0.6 Throwing
 + Level 6.0 Armour
 + Level 1.5 Dodging
 - Level 0.1 Stealth
 + Level 4.4 Shields
 * Level 3.2 Invocations
 + Level 0.1 Evocations


You had 8 spell levels left.
You didn't know any spells.
Your spell library contained the following spells:

 Spells                   Type           Power      Damage    Failure   Level
 Kiss of Death            Conj/Necr      0%         2d5       100%        1
 Fulminant Prism          Conj/Hex       0%         3d5       100%        4
 Freezing Cloud           Conj/Ice/Air   0%         6-21      100%        5
 Conjure Ball Lightning   Conj/Air       0%         3x3d6     100%        6


Dungeon Overview and Level Annotations

Branches:
Dungeon (7/15)             Temple (1/1) D:6

Altars:
Ashenzari
Cheibriados
Dithmenos
Gozag
Hepliaklqana
Makhleb
Nemelex Xobeh
Qazlal
Ru
Sif Muna
Uskayaw
Vehumet
Wu Jian
Xom
Yredelemnul

Annotations:
D:4 3 runed translucent doors, Pikel; jimonade's ghost, amateur DjFE


Innate Abilities, Weirdness & Mutations

You have a pair of large antennae on your head. (SInv)
You may rarely emit foul miasma when damaged in melee.
Spells you cast may paralyse adjacent enemies.


Message History

The steam dragon is lightly wounded.
The steam dragon barely misses you.
The steam dragon claws you but does no damage.
The steam dragon breathes steam at you. The ball of steam hits you!
* * * LOW HITPOINT WARNING * * *
You feel much better. The steam dragon breathes steam at you.
The ball of steam hits you!
* * * LOW HITPOINT WARNING * * *
You closely miss the steam dragon.
The steam dragon is lightly wounded.
The steam dragon breathes steam at you. The ball of steam hits you!
* * * LOW HITPOINT WARNING * * *
A cyclops opens the door.
A red film seems to cover your vision as you go berserk!
You feel yourself moving faster!
You feel mighty!
The steam dragon bites you but does no damage.
The steam dragon claws you but does no damage.
You closely miss the steam dragon.
The steam dragon is lightly wounded.
You block the steam dragon's attack.
The steam dragon claws you but does no damage.
You hit the steam dragon.
The steam dragon is moderately wounded.
The steam dragon bites you.
* * * LOW HITPOINT WARNING * * *
The steam dragon claws you but does no damage.
You hit the steam dragon.
The steam dragon is heavily wounded.
You hit the wyvern. The wyvern barely misses you.
You block the steam dragon's attack. x2
You barely miss the steam dragon.
The steam dragon is heavily wounded.
You barely miss the wyvern. The wyvern barely misses you.
You closely miss the steam dragon.
The steam dragon is heavily wounded.
You slash the wyvern! The wyvern bites you!
You die...

.# .### ..# ###
##.# #.. ## # ##..#
#.# {'C..# ##.#..
#.##5#{.{# #....#
#Dll.#.y ..#..#.#
##@###########.##.#
#.....#......#)##.#
#.#.#.#.#..#.#.##.#
#.....#......#.##.#
#.#.#.#...[..#.##.#
#.....'.#..#.#....#
#######....)....###
########..# ......


You could see a cyclops, a steam dragon, a wyvern, an iguana and an ufetubus.

Vanquished Creatures
  A steam dragon (D:7)
  An orc warrior (D:7)
  A sky beast (D:7)
  3 ogres
  A phantom (D:6)
  3 lemures
  2 kobold brigands
  A gnoll sergeant (D:5)
  A bullfrog (D:6)
  2 scorpions
  4 wights (D:7)
  3 jellies
  5 orc priests
  A gnoll bouda (D:5)
  5 hounds
  4 iguanas
  Ijyb (D:5)
  2 sleepcaps
  4 orc wizards
  9 gnolls
  6 adders
  A white imp (D:7)
  3 ufetubi
  2 worms
  3 dart slugs
  22 orcs
  7 ball pythons
  6 bats
  6 endoplasms
  5 giant cockroaches
  5 goblins
  9 hobgoblins
  3 jackals (D:4)
  4 quokkas
  A frilled lizard (D:1)
  14 kobolds
  4 rats (D:2)
155 creatures vanquished.

Vanquished Creatures (others)
  44 plants
44 creatures vanquished.

Grand Total: 199 creatures vanquished

Notes
Turn   | Place    | Note
-------+----------+-------------------------------------------
     0 | D:1      | jlumianski the Demonspawn Fighter began the quest for the
                  | Orb.
     0 | D:1      | Reached XP level 1. HP: 18/18 MP: 1/1
   212 | D:1      | Gained mutation: Spells you cast may paralyse adjacent
                  | enemies. [demonic ancestry]
   212 | D:1      | Reached XP level 2. HP: 24/24 MP: 2/2
   359 | D:1      | Reached skill level 2 in Axes
  1005 | D:2      | Gained mutation: You may rarely emit foul miasma when
                  | damaged in melee. [demonic ancestry]
  1005 | D:2      | Reached XP level 3. HP: 29/29 MP: 3/3
  2007 | D:3      | Gained mutation: You have a pair of small antennae on your
                  | head. [demonic ancestry]
  2007 | D:3      | Reached XP level 4. HP: 30/35 MP: 4/4
  2038 | D:5      | Entered Level 5 of the Dungeon
  2071 | D:3      | Found a faded altar of an unknown god.
  2208 | D:3      | Reached skill level 3 in Axes
  2302 | D:3      | Found a basalt altar of Yredelemnul.
  2304 | D:3      | Found a snail-covered altar of Cheibriados.
  2306 | D:3      | Got the Folio of Dark Wounds
  2876 | D:3      | Gained mutation: You have a pair of antennae on your head.
                  | [demonic ancestry]
  2876 | D:3      | Reached XP level 5. HP: 32/42 MP: 5/5
  3015 | D:4      | Noticed an ogre
  3017 | D:4      | Killed an ogre
  3018 | D:4      | Reached skill level 4 in Axes
  3018 | D:4      | Gained mutation: You have a pair of large antennae on your
                  | head. (SInv) [demonic ancestry]
  3018 | D:4      | Reached XP level 6. HP: 48/48 MP: 6/6
  3164 | D:4      | Found a runed translucent gate.
  3164 | D:4      | Found a runed translucent gate.
  3165 | D:4      | Found a runed translucent gate.
  3167 | D:4      | Noticed jimonade's ghost (amateur DjFE)
  3182 | D:4      | Noticed Pikel
  4467 | D:4      | Reached XP level 7. HP: 36/54 MP: 7/7
  4568 | D:5      | Reached skill level 5 in Axes
  5098 | D:5      | Found a sacrificial altar of Ru.
  5123 | D:5      | Found a hazy altar of Hepliaklqana.
  5144 | D:5      | Noticed Ijyb
  5157 | D:5      | Killed Ijyb
  5500 | D:5      | HP: 2/55 [ogre/+0 giant spiked club (28)]
  5976 | D:5      | Reached skill level 6 in Axes
  6188 | D:5      | Reached XP level 8. HP: 16/61 MP: 8/8
  6489 | D:5      | Reached skill level 5 in Fighting
  6494 | D:5      | Reached skill level 5 in Armour
  6942 | D:6      | Reached skill level 1 in Dodging
  7083 | D:6      | Found a staircase to the Ecumenical Temple.
  7100 | Temple   | Entered the Ecumenical Temple
  7134 | Temple   | Became a worshipper of Qazlal Stormbringer
  7290 | D:6      | Reached skill level 1 in Invocations
  7291 | D:6      | Upgraded the game from 0.30-a0-1103-g25895a7845 to
                  | 0.30-a0-1112-gfb780f5df6
  7415 | D:7      | Reached skill level 7 in Axes
  7757 | D:7      | Reached XP level 9. HP: 67/68 MP: 9/11
  7879 | D:7      | Noticed a cyclops
  8010 | D:7      | Slain by a wyvern

Illustrated notes

Levels and vault maps discovered:
D:1:      eino_arrival_cavern_e, layout_rooms, serial_corexii_hall,
          chequers_hall_statues_y, corexii_hall_statues_s,
          chequers_hall_statues_corner_a, corexii_hall_statues_t,
          corexii_hall_statues_i, chequers_hall_statues_y
D:2:      kennysheep_six_static_rooms, layout_basic, minmay_misc_feat_encased
D:3:      layout_loops_ring, nicolae_overflow_hidden_temple,
          shapermc_ecumenical_altar_venn, saegor_snake_ambush
D:4:      layout_cave_pods, gammafunk_ghost_necromancy, uniq_pikel
D:5:      cheibrodos_thug_alley, layout_cave_pods,
          mainiacjoe_overflow_catch_the_wave,
          amcnicky_mini_rare_corridor_liquid, minmay_fractal_squares_gapless_5,
          uniq_ijyb
D:6:      layout_rooms, minmay_temple_entry_ruins
D:7:      minmay_clustersquares, layout_loops_ring,
          mainiacjoe_overflow_cross_hatched, grunt_ministairs_10
Temple:   nicolae_temple_bog_church

Skill      XL: |  1  2  3  4  5  6  7  8  9 |
---------------+----------------------------+-----
Axes           | 2 3 4 6 7 |  7.4
Shields        | 3 4 |  4.4
Armour         | 3 4 5 6 |  6.0
Fighting       | 4 5 |  5.5
Dodging        | 1 |  1.5
Invocations    | 2 3 |  3.2
Throwing       | |  0.6
Stealth        | |  0.1
Evocations     | |  0.1

Action                     |  1- 3 |  4- 6 |  7- 9 || total
---------------------------+-------+-------+-------++-------
  Melee: War axe           |   110 |   158 |   307 ||   575
  Throw: Dart              |       |     2 |     9 ||    11
  Evoke: Wand              |       |     3 |     3 ||     6
    Use: Scroll            |     6 |     2 |     3 ||    11
         Potion            |       |     3 |     3 ||     6
 Armour: Scale mail        |    43 |       |       ||    43
         Chain mail        |       |   117 |   185 ||   302
  Dodge: Dodged            |    53 |    57 |   115 ||   225
  Block: Buckler           |    24 |    44 |    32 ||   100
         Kite shield       |       |       |    96 ||    96

Table legend: (Time is in decaauts)
 A = Elapsed time spent in this place.
 B = Non-inter-level travel time spent in this place.
 C = Inter-level travel time spent in this place.
 D = Time resting spent in this place.
 E = Time spent auto-exploring this place.
 F = Levels seen in this place.
 G = Mean time per level.
                   A        B        C        D        E       F      G
               +--------+--------+--------+--------+--------+-----+--------+
         Total |   8279 |   8070 |    209 |   1291 |   4360 |   8 | 1034.9 |
       Dungeon |   8225 |   8016 |    209 |   1291 |   4342 |   7 | 1175.0 |
        Temple |     54 |     54 |      0 |      0 |     18 |   1 |   54.0 |
               +--------+--------+--------+--------+--------+-----+--------+

Top non-repeatable levels by time:
     D:5: 2662 daAuts
     D:3: 1393 daAuts
     D:4: 1304 daAuts
     D:1: 953 daAuts
     D:2: 823 daAuts
     D:6: 658 daAuts
     D:7: 429 daAuts
  Temple: 54 daAuts
